 Dungeon Crawl Stone Soup version 0.23.1-38-g628c18f423 (webtiles) character file.

Game seed: 2979124048115769695

12 Banto the Magician (level 2, 0/23 HPs)
             Began as a Demigod Wanderer on Mar 29, 2019.
             Slain by a bat (1 damage)
             ... on level 1 of the Dungeon.
             The game lasted 00:00:32 (301 turns).

Banto the Magician (Demigod Wanderer)                Turns: 301, Time: 00:00:32

Health: 0/23       AC:  2    Str: 15    XL:     2   Next: 9%
Magic:  8/8        EV: 11    Int: 17    God:
Gold:   19         SH:  0    Dex: 14    Spells: 7/7 levels left

rFire    . . .     SeeInvis .   a - +0 club
rCold    . . .     Gourm    .   (no shield)
rNeg     . . .     Faith    .   d - +0 robe
rPois    .         Spirit   .   (no helmet)
rElec    .         Reflect  .   (no cloak)
rCorr    .         Harm     .   (no gloves)
MR       .....                  (no boots)
Stlth    +.........             (no amulet)
HPRegen  0.07/turn              (no ring)
MPRegen  0.11/turn              (no ring)

@: no status effects
A: high mp 1
a: no special abilities


You were on level 1 of the Dungeon.
You were not hungry.

You visited 1 branch of the dungeon, and saw 1 of its levels.

You collected 19 gold pieces.

Inventory:

Hand Weapons
 a - a +0 club (weapon)
Armour
 d - a +0 robe (worn)
Wands
 c - a wand of random effects (15)
Scrolls
 b - 3 scrolls of identify {unknown}
 e - a scroll of fog {unknown}
 g - a scroll of remove curse {unknown}
 h - a scroll of magic mapping {unknown}
 i - 2 scrolls of fear {unknown}
Comestibles
 f - a ration


   Skills:
 + Level 1.1 Fighting
   Level 1.0 Axes
 + Level 1.0 Throwing
 + Level 1.0 Armour
 + Level 0.2 Dodging
 + Level 0.2 Stealth
 + Level 3.1 Spellcasting
   Level 1.7 Conjurations
 + Level 1.0 Evocations


You had 7 spell levels left.
You didn't know any spells.
Your spell library contained the following spells:

 Spells                   Type           Power        Failure   Level  Hunger
 Magic Dart               Conj           #...         9%          1    None
 Pain                     Necr           #...         17%         1    None
 Blink                    Tloc           N/A          26%         2    ##.....
 Call Imp                 Summ           #.......     26%         2    ##.....
 Slow                     Hex            #.......     26%         2    ##.....
 Conjure Flame            Conj/Fire      #.......     36%         3    ###....
 Mephitic Cloud           Conj/Pois/Air  #.......     38%         3    ###....
 Vampiric Draining        Necr           #.........   45%         3    ###....


Dungeon Overview and Level Annotations

Branches:
Dungeon (1/15)


Innate Abilities, Weirdness & Mutations

You have an increased reservoir of magic. (+10% MP)


Message History

The giant cockroach bites you but does no damage.
You see here a rat corpse.
The bat closely misses you. The leopard gecko barely misses you.
You closely miss the leopard gecko. The leopard gecko barely misses you.
The bat barely misses you. The giant cockroach closely misses you.
The leopard gecko bites you.
* * * LOW HITPOINT WARNING * * *
You hit the leopard gecko but do no damage.
The bat hits you but does no damage. The giant cockroach closely misses you.
The leopard gecko closely misses you. The giant cockroach bites you.
* * * LOW HITPOINT WARNING * * *
The leopard gecko hisses menacingly.
The leopard gecko closely misses you.
You closely miss the leopard gecko. The bat hits you but does no damage.
The giant cockroach bites you but does no damage.
The leopard gecko barely misses you.
You miss the leopard gecko. The bat barely misses you.
The giant cockroach misses you. The leopard gecko barely misses you.
The bat hits you.
You die...

#. ##.....# #..
...# ...##.
##.######. ###.#
......####.......>
#..
............###...
##. .........#.#
#......(#...
#.......#[##..
#.....l)#.# ...
#...b@s.+.# ..
..........### #
..........#
...#.%....# ..
#......# #
#......# #......#
.......#


You could see a leopard gecko, a giant cockroach and a bat.

Vanquished Creatures
  A giant cockroach (D:1)
  3 goblins (D:1)
  2 hobgoblins (D:1)
  A kobold (D:1)
  2 frilled lizards (D:1)
  4 rats (D:1)
13 creatures vanquished.

Notes
Turn   | Place    | Note
-------+----------+-------------------------------------------
     0 | D:1      | Banto the Demigod Wanderer began the quest for the Orb.
     0 | D:1      | Banto set off with the following items: a +0 club, a wand
                  | of random effects (15), a +0 robe, a ration; and the
                  | following spells available to memorise: Magic Dart, Pain,
                  | Blink, Call Imp, Slow, Conjure Flame, Mephitic Cloud,
                  | Vampiric Draining
     0 | D:1      | Reached XP level 1. HP: 16/16 MP: 6/6
   204 | D:1      | Reached skill level 3 in Spellcasting
   255 | D:1      | Reached XP level 2. HP: 7/23 MP: 8/8
   299 | D:1      | HP: 1/23 [giant cockroach (1)]
   301 | D:1      | Slain by a bat

Skill      XL: |  1 |
---------------+----+-----
Spellcasting   | 3 |  3.1
Fighting       | |  1.1
Axes           | |  1.0
Throwing       | |  1.0
Armour         | |  1.0
Dodging        | |  0.2
Stealth        | |  0.2
Conjurations   | |  1.7
Evocations     | |  1.0

Action                   || total
-------------------------++-------
Melee: Club              ||    41
Armor: Robe              ||    17
Dodge: Dodged            ||    60
